 Dungeon Crawl Stone Soup version 0.29.1-1-gd02db6906a (webtiles) character file.

Game seed: 9547857165337848015

3731 hawla the Arsonist (level 10, -1/73 HPs)
             Began as a Meteoran Fire Elementalist on Oct 22, 2022.
             Was a Believer of Vehumet.
             Slain by a gnoll
             ... wielding a +0 spear
              (5 damage)
             ... on level 7 of the Dungeon.
             The game lasted 00:19:46 (3614 turns).

hawla the Arsonist (Meteoran Fire Elementalist)     Turns: 3614, Time: 00:19:47

Health: -1/73      AC:  4    Str:  9    XL:     10   Next: 63%
Magic:  19/23      EV: 14    Int: 20    God:    Vehumet [**....]
Gold:   361        SH:  0    Dex: 19    Spells: 15/26 levels left

rFire   + . .      SeeInvis .   (no weapon)
rCold   . . .      Faith    .   (no shield)
rNeg    . . .      Spirit   .   a - +1 robe
rPois   +          Reflect  .   (helmet restricted)
rElec   .          Harm     .   e - +0 cloak
rCorr   +          Rampage  .   (no gloves)
Will    +....                   (no boots)
Stlth   +.........              b - amulet of Xom's Wantonness {RegenMP rPois rF+ Regen+ rCorr}
HPRegen 1.02/turn               (no ring)
MPRegen 0.58/turn               (no ring)

@: mighty, hasted, glowing, very quick
A: sense surroundings 2, otherworldly, glowing, explore regen, beak, agile 1,
MP-powered wands
a: Renounce Religion


You were on level 7 of the Dungeon.
You worshipped Vehumet.
Vehumet was pleased with you.
You visited 1 branch of the dungeon, and saw 7 of its levels.

You collected 361 gold pieces.

Inventory:

Armour
 a - a +1 robe (worn)
 e - a +0 cloak (worn)
Jewellery
 b - the amulet of Xom's Wantonness (around neck) {RegenMP rPois rF+ Regen+ rCorr}
   (You acquired it on level 4 of the Dungeon)

   [amulet of magic regeneration]

   It increases your rate of magic regeneration.
   rF:        It protects you from fire.
   rPois:     It protects you from poison.
   Regen:     It increases your rate of health regeneration.
   rCorr:     It protects you from acid and corrosion.
 k - a ring of ice
Wands
 h - a wand of acid (5) (quivered)
 q - a wand of iceblast (9)
 s - a wand of flame (22)
Scrolls
 c - a scroll of fog
 d - a scroll of amnesia
 j - a scroll of enchant weapon
Potions
 i - 2 potions of haste
 n - a potion of attraction
 p - a potion of might
 r - 2 potions of invisibility {unknown}


   Skills:
 + Level 2.0 Fighting
 + Level 3.7 Dodging
 - Level 1.4 Stealth
 + Level 8.8 Spellcasting
 + Level 6.1 Conjurations
 + Level 11.2 Fire Magic
 + Level 7.0 Air Magic
 + Level 2.0 Evocations


You had 15 spell levels left.
You knew the following spells:

 Your Spells              Type           Power      Damage    Failure   Level
a - Foxfire               Conj/Fire      100%       2x1d9     1%          1
b - Scorch                Fire           100%       2d10      1%          2
c - Flame Wave            Conj/Fire      43%        2d11      2%          4
d - Airstrike             Air            18%        2d(3-19)  4%          4

Your spell library contained the following spells:

 Spells                   Type           Power      Damage    Failure   Level
 Sandblast                Erth           16%        2d6       8%          1
 Shock                    Conj/Air       100%       1d9       1%          1
 Conjure Flame            Conj/Fire      43%        6-21      1%          3
 Swiftness                Air            36%        N/A       1%          3
 Inner Flame              Hex/Fire       31%        N/A       2%          3
 Borgnjor's Revivificati  Necr           4%         N/A       100%        8
 Necromutation            Tmut/Necr      4%         N/A       100%        8
 Death's Door             Necr           4%         N/A       100%        9


Dungeon Overview and Level Annotations

Branches:
Dungeon (7/15) Zot: 586    Temple (0/1) D:5

Altars:
Cheibriados
Dithmenos
Fedhas
Qazlal
Vehumet
Zin
The Shining One

Shops:
D:1 [   D:3 *   D:7 (

Portals:
Abyss: D:6

Annotations:
D:2 dig the loot
D:6 2 transporters, Du3lingdragon's ghost, novice GrEE


Innate Abilities, Weirdness & Mutations

You passively map the area around you.
You are easily found by Zot.
You glow in the dark.
You regain HP and MP as you explore.
You have a beak for a mouth.
You are agile. (Dex +4, Str/Int -1)
You expend magic power (3 MP) to strengthen your wands.


Message History

Vehumet accepts your kill.
You hear a shout!
The steam dragon bites you.
* * * LOW HITPOINT WARNING * * *
The steam dragon claws you but does no damage.
A wave of flame ripples out!
The flame wave engulfs the steam dragon!
You kill the steam dragon!
Vehumet accepts your kill.
The flame wave engulfs Menkaure!!
Menkaure is burned terribly!
You destroy Menkaure!
Vehumet accepts your kill.
The flame wave engulfs the howler monkey!
The howler monkey is heavily wounded.
The flame wave engulfs the gnoll!
The gnoll is severely wounded.
You finish channelling waves of flame.
The gnoll bouda calls upon its god to heal the gnoll.
The gnoll is healed somewhat.
Your Fighting skill increases to level 2!
Casting: Flame Wave (dangerous; 2% risk of failure)
Confirm with . or Enter, or press ? or * to list all spells.
Flames lash the gnoll.
The gnoll is severely wounded.
The gnoll's fire resistance burns away.
You hear a shout!
The howler monkey hoots and howls with incredible vigour!
The howler monkey closely misses you.
The gnoll bouda calls upon its god to heal the gnoll.
The gnoll is healed somewhat.
The gnoll hits you but does no damage.
You hear a shout!
Okay, then.
You feel yourself speed up. The jackal barely misses you.
The howler monkey hits you.
* * * LOW HITPOINT WARNING * * *
A gnoll comes into view. It is wielding a +0 spear.
The gnoll bouda barks out a call to the hunt!
The gnolls pick up the pace!
The gnoll hits you from afar with a +0 spear.
You die...

###...,#. *...#
#<....##.###..## ##*
.......<#......##.., ,
, *........##.........
, , ..................#
, ..........†......## ,
, ,,
..........†......'. **,
,........))†.h....'. ,,
,.......).))@h)...'. ,
* .........).)))...##*
,, , , *
.............g.[..#* ,
* ..[................,
, *
......#............,,,,
, ,......###..........
, ,, , , ..
##......ggg, * , ,
#####..... , , **, * ,
, ,** ,


You could see a gnoll bouda, a howler monkey (catching breath), 3 gnolls and a
jackal.

Vanquished Creatures
  Grinder (D:5)
  A steam dragon (D:7)
  Menkaure (D:7)
  A water moccasin (D:7)
  Duvessa (D:5)
  3 ice beasts
  2 black bears (D:5)
  3 centaurs
  2 ogres (D:5)
  A kobold brigand (D:4)
  3 necrophages
  A bullfrog (D:7)
  6 scorpions
  3 gnoll sergeants (D:7)
  Dowan (D:5)
  An electric eel (D:7)
  2 howler monkeys (D:7)
  13 hounds
  3 jellies
  5 orc priests
  A gnoll bouda (D:7)
  Ijyb (D:5)
  8 iguanas
  2 orc wizards
  19 gnolls (D:7)
  8 adders
  3 white imps
  3 worms
  A dart slug (D:2)
  15 orcs
  4 endoplasms
  A giant cockroach (D:2)
  10 goblins
  8 hobgoblins
  7 jackals
  9 kobolds
  5 quokkas
  8 ball pythons
  5 bats
  3 frilled lizards
  4 rats
179 creatures vanquished.

Vanquished Creatures (others)
  184 foxfires
184 creatures vanquished.

Grand Total: 363 creatures vanquished

Notes
Turn   | Place    | Note
-------+----------+-------------------------------------------
     0 | D:1      | hawla the Meteoran Fire Elementalist began the quest for
                  | the Orb.
     0 | D:1      | Reached XP level 1. HP: 14/14 MP: 5/5
   119 | D:1      | Reached XP level 2. HP: 19/20 MP: 4/6
   122 | D:1      | Learned a level 2 spell: Scorch
   122 | D:1      | Found Heyck's Armour Shoppe.
   180 | D:1      | Found a faded altar of an unknown god.
   223 | D:1      | Reached skill level 4 in Fire Magic
   381 | D:1      | Reached XP level 3. HP: 26/26 MP: 4/8
   500 | D:1      | Glimpsed the power of Zot.
   884 | D:2      | Reached XP level 4. HP: 34/34 MP: 3/10
   889 | D:2      | Learned a level 4 spell: Flame Wave
  1100 | D:2      | Glimpsed the power of Zot.
  1150 | D:2      | Glimpsed the power of Zot.
  1223 | D:3      | Reached skill level 5 in Fire Magic
  1223 | D:3      | Reached XP level 5. HP: 13/39 MP: 0/11
  1679 | D:3      | Reached XP level 6. HP: 46/46 MP: 10/12
  1693 | D:3      | Found a glowing silver altar of Zin.
  1694 | D:3      | Found Zin's Purification Station.
  1700 | D:3      | Glimpsed the power of Zot.
  1713 | D:4      | Reached skill level 6 in Fire Magic
  1758 | D:4      | Found a blossoming altar of Fedhas.
  1762 | D:4      | Found a stormy altar of Qazlal.
  1919 | D:4      | Reached XP level 7. HP: 34/51 MP: 0/13
  1933 | D:4      | Reached skill level 7 in Fire Magic
  1971 | D:4      | Identified a scroll of acquirement
  1971 | D:4      | Acquired the amulet of Xom's Wantonness {RegenMP rPois rF+
                  | Regen+ rCorr}
  2218 | D:4      | Found a glowing golden altar of the Shining One.
  2300 | D:4      | Glimpsed the power of Zot.
  2332 | D:5      | Entered Level 5 of the Dungeon
  2339 | D:5      | Reached skill level 1 in Evocations
  2354 | D:5      | Noticed a troll
  2372 | D:5      | Reached skill level 1 in Fighting
  2372 | D:5      | Reached XP level 8. HP: 59/59 MP: 7/15
  2375 | D:5      | Reached skill level 8 in Fire Magic
  2407 | D:5      | Noticed Ijyb
  2411 | D:5      | Killed Ijyb
  2412 | D:5      | Reached skill level 5 in Spellcasting
  2431 | D:5      | Found a snail-covered altar of Cheibriados.
  2442 | D:5      | Reached skill level 9 in Fire Magic
  2442 | D:5      | Noticed Grinder
  2448 | D:5      | Reached skill level 5 in Conjurations
  2452 | D:5      | Killed Grinder
  2453 | D:5      | Gained mutation: You passively map the area around you.
                  | [Meteoran growth]
  2453 | D:5      | Reached XP level 9. HP: 64/64 MP: 3/19
  2673 | D:5      | Found a radiant altar of Vehumet.
  2679 | D:5      | Became a worshipper of Vehumet
  2694 | D:5      | Found a staircase to the Ecumenical Temple.
  2752 | D:5      | Learned a level 4 spell: Airstrike
  2757 | D:5      | Noticed Duvessa
  2758 | D:5      | Noticed Dowan
  2762 | D:5      | Killed Duvessa
  2762 | D:5      | Killed Dowan
  2900 | D:5      | Glimpsed the power of Zot.
  2902 | D:5      | Reached skill level 5 in Air Magic
  2923 | D:6      | Gained mutation: You have a beak for a mouth. [potion of
                  | mutation]
  2923 | D:6      | Gained mutation: You are agile. (Dex +4, Str/Int -1)
                  | [potion of mutation]
  2923 | D:6      | Gained mutation: You expend magic power (3 MP) to
                  | strengthen your wands. [potion of mutation]
  2931 | D:6      | Noticed an ancient zyme
  3117 | D:6      | Found a shadowy altar of Dithmenos.
  3335 | D:6      | Found a one-way gate to the infinite horrors of the Abyss.
  3335 | D:6      | Noticed Du3lingdragon's ghost (novice GrEE)
  3339 | D:6      | Found a transporter.
  3340 | D:6      | Found a transporter.
  3341 | D:6      | Noticed a brown ugly thing
  3501 | D:6      | Glimpsed the power of Zot.
  3531 | D:7      | Found Vumyp's Weapon Emporium.
  3538 | D:7      | Reached skill level 10 in Fire Magic
  3538 | D:7      | Reached XP level 10. HP: 27/71 MP: 15/21
  3547 | D:7      | Reached * piety under Vehumet
  3547 | D:7      | Offered knowledge of Sandblast by Vehumet.
  3603 | D:7      | Noticed Menkaure
  3606 | D:7      | Reached ** piety under Vehumet
  3608 | D:7      | Reached skill level 11 in Fire Magic
  3612 | D:7      | Killed Menkaure
  3614 | D:7      | Slain by a gnoll

Illustrated notes

Levels and vault maps discovered:
D:1:      dreamdust_arrival_beginning_and_end, layout_basic,
          serial_corexii_hall, chequers_hall_statues_wall_a,
          corexii_hall_statues_u, basic_ecumenical_altar, serial_shops, shop,
          amcnicky_mini_corridor_feature
D:2:      layout_basic, due_unseen_surprise
D:3:      layout_loops_ring, zin_purify, minmay_vboxes
D:4:      minmay_octagon_keep, layout_rooms,
          grunt_temple_overflow_forces_of_nature, tso_altar,
          corexii_hall_statues_x
D:5:      minmay_clustersquares, layout_layer_cave,
          mainiacjoe_overflow_alcove_2, tgw_sif, lemuel_doored_altar,
          temple_fountains, nicolae_shop_clearance, uniq_grinder, uniq_ijyb,
          uniq_eustachio, uniq_duvessa
D:6:      layout_loops_cross, kennysheep_mini, gammafunk_ghost_abyssal_escape
D:7:      minmay_angry_zag, layout_cave_pools, nicolae_elyvilon_peaceful_grove,
          mainiacjoe_overflow_cross_hatched, kennysheep_mini_moat,
          serial_gnoll_camp, gnoll_camp_huts_moat, gnoll_camp_mini_hut,
          gnoll_camp_mini_basic, gnoll_camp_mini_shop, gnoll_camp_mini_basic,
          gnoll_camp_mini_doghouse, serial_shops, nicolae_shop_waterfront,
          minmay_shop_grid_forest, uniq_menkaure

Skill      XL: |  1  2  3  4  5  6  7  8  9 10 |
---------------+-------------------------------+-----
Spellcasting   | 3 4 6 8 |  8.8
Fire Magic     | 4 5 6 7 9 10 11 | 11.2
Conjurations   | 2 3 4 5 6 |  6.1
Evocations     | 2 |  2.0
Fighting       | 1 2 |  2.0
Dodging        | 3 |  3.7
Air Magic      | 6 7 |  7.0
Stealth        | |  1.4

Action                   |  1- 3 |  4- 6 |  7- 9 | 10-12 || total
-------------------------+-------+-------+-------+-------++-------
Melee: Unarmed           |     4 |       |     7 |       ||    11
       Peck              |       |       |     1 |       ||     1
 Cast: Foxfire           |    39 |    31 |    32 |    10 ||   112
       Scorch            |     6 |    18 |    34 |    10 ||    68
       Flame Wave        |       |     4 |    13 |    10 ||    27
       Airstrike         |       |       |     3 |       ||     3
Evoke: Wand              |       |       |     1 |       ||     1
  Use: Scroll            |     4 |     5 |     5 |     3 ||    17
       Potion            |       |     1 |     3 |     5 ||     9
Armor: Robe              |     7 |     3 |    10 |    14 ||    34
Dodge: Dodged            |     7 |    17 |    32 |    32 ||    88
